Map: Discordance EC

Players

Sorandom - Winner!

  • Race: Zerg Zerg
  • League: Diamond
  • Spawn Location: 7:00

Sorg

  • Race: Terran Terran
  • League: Diamond
  • Spawn Location: 1:00

VOD

Have the link to the VOD?

Description

Time

  • Played on: April 8, 2019, 10:24 a.m.
  • Length: 5:26
Show
View Real Time Build Order
Export as new Build Order

Sorandom Zerg - Winner!

Build Orders: Hatch First, Zergling Baneling 

Get SALT Encoding   

  12  0:01  Drone  
  13  0:12  Overlord  
  13  0:18  Drone  
  14  0:30  Drone x2  
  16  0:37  Drone  
  17  0:54  Hatchery  
  16  1:07  Spawning Pool  
  16  1:11  Extractor, Drone  
  14  1:15  Drone  
  17  1:18  Drone  
  17  1:26  Overlord  
  17  1:34  Drone  
  18  1:44  Drone  
  19  1:53  Queen  
  21  1:55  Zergling x2  
  22  2:05  Queen  
  24  2:09  Drone x2  
  24  2:13  Metabolic Boost  
  26  2:18  Drone  
  27  2:23  Drone  
  28  2:32  Spine Crawler  
  28  2:34  Spine Crawler  
  26  2:40  Spine Crawler  
  25  2:44  Drone  
  28  2:56  Drone x4  
  28  2:57  Drone  
  34  3:01  Zergling x2  
  34  3:09  Baneling Nest  
  34  3:10  Drone  
  34  3:11  Zergling x2  
  35  3:13  Evolution Chamber  
  35  3:19  Zergling x2  
  35  3:29  Zergling x2  
  35  3:31  Overlord x4  
  36  3:49  Zergling x10  
  36  3:55  Zergling x6  
  44  3:57  Baneling x6  
  44  4:00  Zergling x4  
  46  4:05  Zergling x6  
  46  4:09  Lair  
  49  4:10  Zergling x2  
  49  4:11  Zergling x2  
  50  4:31  Hatchery  
  46  4:41  Baneling x4  
  46  4:42  Zergling x10  
  46  4:43  Drone x2  
  53  4:48  Extractor, Drone x2  
  53  4:52  Baneling  
  54  4:55  Drone  
  54  4:56  Drone  
  54  5:04  Zergling x2  
  54  5:05  Zergling x2  
Show
View Real Time Build Order
Export as new Build Order

Sorg Terran 

Build Orders: Gas First Reaper Expand, Mech 

Get SALT Encoding   

  12  0:01  SCV  
  13  0:18  SCV  
  13  0:19  Supply Depot  
  14  0:31  SCV  
  14  0:34  Refinery  
  15  0:44  Barracks  
  15  0:48  SCV  
  16  1:00  SCV  
  17  1:12  SCV  
  18  1:31  Reaper  
  18  1:32  Orbital Command  
  19  1:49  Command Center  
  19  2:02  SCV  
  19  2:03  Supply Depot  
  20  2:08  Reaper  
  20  2:14  SCV  
  20  2:15  Refinery  
  22  2:26  SCV  
  23  2:38  SCV  
  24  2:50  SCV  
  25  2:56  Marine  
  25  3:03  Factory  
  25  3:04  Orbital Command  
  24  3:08  SCV  
  24  3:23  SCV  
  24  3:25  Marine  
  26  3:30  SCV  
  27  3:35  SCV  
  27  3:39  Bunker x2  
  28  3:44  SCV  
  28  3:47  Factory  
  29  3:49  SCV  
  29  3:52  Supply Depot  
  30  3:56  SCV, Factory Tech Lab  
  30  4:02  SCV  
  32  4:04  Marine  
  33  4:15  SCV x2  
  35  4:21  Siege Tank  
  38  4:28  SCV  
  38  4:29  Factory  
  39  4:32  Orbital Command  
  31  4:46  Factory Reactor  
  29  5:18  Supply Depot  
Tags
 
Add a new tag
Caveats
  • Supply blocks, unpowered buildings, or Contaminate may cause inaccurate times.
  • Supply counts are checked every 10 seconds.